 Dungeon Crawl Stone Soup version 0.16-a0-4038-ge07a62f (webtiles) character file.

897 BluebellGnoll the Frost Mage (level 8, 58/58 HPs)
             Began as a Merfolk Ice Elementalist on Feb 18, 2015.
             Quit the game on level 5 of the Dungeon on Feb 19, 2015.
             The game lasted 00:37:14 (6123 turns).

BluebellGnoll the Frost Mage (MfIE)                 Turns: 6123, Time: 00:37:14

Health: 58/58      AC:  5    Str:  9    XL:     8   Next: 7%
Magic:  22/22      EV: 12    Int: 18    God:
Gold:   252        SH:  0    Dex: 14    Spells: 4 memorised, 1 level left

rFire  . . .     SeeInvis .     z - +1 blowgun
rCold  . . .     Clarity  .     D - +1 leather armour {MR+}
rNeg   . . .     SustAb   .     (no shield)
rPois  .         Gourm    .     l - +0 helmet
rElec  .         Spirit   .     (no cloak)
rCorr  .         Warding  .     (no gloves)
rMut   .         Stasis   .     (no boots)
MR     +....                    (no amulet)
Stlth  ++........               n - +2 ring of intelligence
                                i - ring of magical power

@: somewhat resistant to hostile enchantments, unstealthy
A: change form in water, swift swim
a: no special abilities


You were on level 5 of the Dungeon.
You were not hungry.

You visited 1 branch of the dungeon, and saw 5 of its levels.

You collected 252 gold pieces.

Inventory:

Hand weapons
 d - a +1 short sword of protection
 k - a +0 arbalest
 v - a +0 spear
 y - a +1 dagger of venom
 z - a +1 blowgun (weapon)
Missiles
 j - 17 stones
 u - 54 poisoned needles (quivered)
 C - 3 tomahawks
Armour
 l - a +0 helmet (worn)
 D - a +1 leather armour of magic resistance (worn)
Magical staves
 o - an uncursed staff of fire
Jewellery
 i - a ring of magical power (left hand)
 n - a +2 ring of intelligence (right hand)
 p - an uncursed ring of stealth
Magical devices
 x - a wand of random effects (48)
 A - a wand of flame (20)
Scrolls
 a - 2 scrolls of magic mapping
 f - 3 scrolls of identify
 h - a scroll of immolation
 m - a scroll of enchant weapon
 B - 2 scrolls of enchant armour
Potions
 e - 6 potions of curing
 g - a potion of heal wounds
 s - a potion of restore abilities
Books
 b - a book of Frost

   Spells                             Type                      Level
   a - Freeze                         Ice                          1
   b - Throw Frost                    Conjuration/Ice              2
   c - Ozocubu's Armour               Charms/Ice                   3
   d - Throw Icicle                   Conjuration/Ice              4
   e - Summon Ice Beast               Ice/Summoning                4
   f - Condensation Shield            Ice                          4
Comestibles
 c - 4 bread rations
 q - 2 fruits
 r - 5 meat rations
 t - 3 beef jerkies
 w - a royal jelly
 F - a chunk of flesh


   Skills:
 - Level 3.0 Fighting
 - Level 4.0 Polearms
 - Level 2.6 Dodging
 - Level 2.1 Stealth
 - Level 2.2 Spellcasting
 - Level 1.9 Conjurations
 + Level 8.7 Ice Magic


You had one spell level left.
You knew the following spells:

 Your Spells              Type           Power        Failure   Level  Hunger
a - Freeze                Ice            ####         1%          1    #......
b - Throw Frost           Conj/Ice       ###...       6%          2    ##.....
c - Ozocubu's Armour      Chrm/Ice       ###.....     14%         3    ###....
d - Condensation Shield   Ice            ####......   10%         4    #####..


Dungeon Overview and Level Annotations

Branches:
Dungeon (5/15)
 Temple: D:4-7

Altars:
Cheibriados
Dithmenos
Makhleb
Vehumet
Zin

Annotations:
D:5 exclusion: ice beast


Message History

This raw flesh tastes terrible.
You continue eating. x2
HP restored.
Found a glowing silver altar of Zin.
Found a burning altar of Makhleb.
The angel shouts!
The angel recites the books of the Law.
A rat comes into view.
The green death roars!
Firing (i - inventory. (,) - cycle):
u - 54 poisoned needles (quivered)
Press: ? - help, Shift-Dir - straight line, f - rat
Aim: a rat You shoot a poisoned needle.
The poisoned needle hits the rat!
The rat is poisoned.
You kill the rat!
There is an open door here.
Found 12 gold pieces.
u - 54 poisoned needles (gained 1)
Okay, then.
Are you sure you want to abandon this character and quit the game? (Confirm with "yes".)

### #######.# ###########
(.########### #...<......
#........#### #.#########
..#####.###2# ########.#########
........###### ................##
.#####.##.._.###...>....######.##
.# #...#...#....#####.# #.## .#
#...'...'....# #.# #.## .#
##..#...#..@.# #.######.## .#
####._.###..# #.......... .#
##### ...# ###.###....##
.##########A# #..... ...###.####
.........#### ...###.##.##...###
(######### #.#.# #. #........# .#
....# #. ####...#.# .# ####$# #.
##.##.# .# #.###.## #.##.#


There were no monsters in sight!

Vanquished Creatures
  2 ogres
  2 scorpions (D:4)
  3 orc priests (D:3)
  2 giant frog skeletons
  Natasha (twice) (D:4)
  An iguana (D:4)
  2 orc wizards (D:5)
  A statue (D:4)
  2 worker ants
  Ijyb (D:4)
  A hound skeleton (D:4)
  Terence (D:3)
  Robin (D:4)
  6 adders
  2 giant mites
  5 worms
  An adder skeleton (D:5)
  4 giant geckos
  13 orcs
  2 giant cockroaches
  18 hobgoblins
  2 jackals (D:1)
  4 quokkas
  12 bats
  6 giant newts
  A giant spore (D:5)
  22 goblins
  13 kobolds
  7 rats
  2 ballistomycetes (D:5)
  A bush (D:2)
142 creatures vanquished.

Vanquished Creatures (others)
  A giant spore (D:5)
1 creature vanquished.

Grand Total: 143 creatures vanquished

Notes
Turn   | Place    | Note
--------------------------------------------------------------
     0 | D:1      | BluebellGnoll, the Merfolk Ice Elementalist, began the quest for the Orb.
     0 | D:1      | Reached XP level 1. HP: 13/13 MP: 3/3
    93 | D:1      | Reached skill level 1 in Fighting
   345 | D:1      | Reached XP level 2. HP: 19/22 MP: 1/4
   971 | D:1      | Reached XP level 3. HP: 28/28 MP: 4/6
  1048 | D:1      | Learned a level 2 spell: Throw Frost
  1647 | D:2      | Reached skill level 1 in Polearms
  2095 | D:2      | Reached XP level 4. HP: 35/35 MP: 2/7
  2878 | D:3      | Reached skill level 4 in Polearms
  2937 | D:3      | Learned a level 3 spell: Ozocubu's Armour
  2937 | D:3      | Upgraded the game from 0.16-a0-4023-g001212b to 0.16-a0-4038-ge07a62f
  3100 | D:3      | Reached XP level 5. HP: 37/41 MP: 6/9
  3120 | D:3      | Reached skill level 1 in Conjurations
  3526 | D:3      | Noticed Terence
  3595 | D:3      | Reached XP level 6. HP: 22/47 MP: 6/10
  3840 | D:3      | Killed Terence
  4109 | D:4      | Noticed Ijyb
  4117 | D:4      | Killed Ijyb
  4117 | D:4      | Reached skill level 5 in Ice Magic
  4190 | D:4      | Found a snail-covered altar of Cheibriados.
  4402 | D:4      | Reached skill level 6 in Ice Magic
  4402 | D:4      | Reached XP level 7. HP: 32/52 MP: 12/12
  4405 | D:4      | Noticed Robin
  4413 | D:4      | Killed Robin
  4641 | D:4      | Found a radiant altar of Vehumet.
  4955 | D:4      | Found a shadowy altar of Dithmenos.
  5040 | D:4      | Noticed Natasha
  5047 | D:4      | Killed Natasha
  5047 | D:4      | Reached skill level 7 in Ice Magic
  5084 | D:4      | Learned a level 4 spell: Condensation Shield
  5186 | D:4      | Noticed Natasha
  5190 | D:4      | Killed Natasha
  5309 | D:5      | Entered Level 5 of the Dungeon
  5648 | D:5      | Reached skill level 8 in Ice Magic
  5749 | D:5      | Reached XP level 8. HP: 58/58 MP: 13/13
  6107 | D:5      | Found a glowing silver altar of Zin.
  6109 | D:5      | Found a burning altar of Makhleb.
  6110 | D:5      | Noticed an angel
  6112 | D:5      | Noticed a green death
  6123 | D:5      | Quit the game

Action                   |  1- 3 |  4- 6 |  7- 9 || total
-------------------------+-------+-------+-------++-------
Melee: Short sword       |    13 |       |       ||    13
       Spear             |   253 |    52 |    90 ||   395
       Blowgun           |       |       |     1 ||     1
 Fire: Blowgun           |       |    66 |    94 ||   160
Throw: Stone             |    62 |    19 |       ||    81
 Cast: Freeze            |    45 |    48 |    42 ||   135
       Throw Frost       |     5 |     7 |     3 ||    15
       Ozocubu's Armour  |       |       |     1 ||     1
  Use: Scroll            |       |     9 |     6 ||    15
       Potion            |       |       |     1 ||     1
 Stab: Sleeping          |     6 |     7 |     1 ||    14
       Distracted        |       |       |     1 ||     1
  Eat: Chunk             |     5 |     7 |     6 ||    18
       Pizza             |       |     1 |       ||     1
       Fruit             |       |       |     1 ||     1
